 Dungeon Crawl Stone Soup version 0.30-a0-782-ge64f9170bb (webtiles) character file.

Game seed: 14994806818839152747

5 Crownlay the Digger (level 1, 0/11 HPs)
             Began as an Octopode Earth Elementalist on Feb 26, 2023.
             Slain by a kobold
             ... wielding a +0 short sword
              (1 damage)
             ... on level 1 of the Dungeon.
             The game lasted 00:00:19 (118 turns).

Crownlay the Digger (Octopode Earth Elementalist)    Turns: 118, Time: 00:00:20

Health: 0/11       AC:  1    Str:  7    XL:     1   Next: 80%
Magic:  0/3        EV: 13    Int: 17    God:
Gold:   0          SH:  0    Dex: 12    Spells: 3/4 levels left

rFire   . . .      SeeInvis .    b - +0 dagger
rCold   . . .      Faith    .    (no shield)
rNeg    . . .      Spirit   .    (helmet restricted)
rPois   .          Reflect  .    (no amulet)
rElec   .          Harm     .    (no ring)
rCorr   .          Rampage  .    (no ring)
Will    .....                    (no ring)
Stlth   +++                      (no ring)
HPRegen 0.21/turn                (no ring)
MPRegen 0.08/turn                (no ring)
                                 (no ring)
                                 (no ring)

@: no status effects
A: almost no armour, amphibious, 8 rings, camouflage 1, gelatinous body 1,
(nimble swimmer 1), tentacles
a: no special abilities


You were on level 1 of the Dungeon.
You visited 1 branch of the dungeon, and saw 1 of its levels.

Inventory:

Hand Weapons
 b - a +0 dagger (weapon)
Potions
 a - a potion of magic


   Skills:
 - Level 2.0 Dodging
 - Level 2.6 Stealth
 + Level 2.1 Spellcasting
 - Level 1.0 Transmutations
 * Level 3.2 Earth Magic


You had 3 spell levels left.
You knew the following spells:

 Your Spells              Type           Power      Damage    Failure   Level
a - Sandblast             Erth           24%        2d8       4%          1

Your spell library contained the following spells:

 Spells                   Type           Power      Damage    Failure   Level
 Passwall                 Tmut/Erth      7%         N/A       12%         2
 Stone Arrow              Conj/Erth      14%        3d7       28%         3
 Petrify                  Tmut/Erth      9%         N/A       61%         4


Dungeon Overview and Level Annotations

Branches:
Dungeon (1/15)

Altars:


Innate Abilities, Weirdness & Mutations

You cannot wear most types of armour.
You are amphibious.
You can wear up to eight rings at the same time.
Your skin changes colour to match your surroundings (Stealth+).
Your rubbery body absorbs attacks. (AC +1, EV +1)
((You are camouflaged when in or above water. (Stealth+)))
You have tentacles for arms and can constrict up to eight enemies at once.


Message History

The blast of sand hits the rat!
You kill the rat!
The blast of sand hits the hobgoblin.
You kill the hobgoblin!
You are out of magic!
You are out of magic!
You are out of magic!
You closely miss the goblin. You grab the goblin. You constrict the goblin.
The goblin completely misses you.
A kobold comes into view. It is wielding a +0 short sword.
The kobold shouts!
You tentacle-slap the goblin but do no damage.
The goblin is moderately wounded.
You constrict the goblin. The goblin hits you with a +0 dagger.
A goblin comes into view. It is wielding a +0 dagger.
You tentacle-slap the goblin but do no damage.
You squeeze the goblin.
You kill the goblin!
Things that are here:
a +0 dagger; a goblin corpse The blast of sand hits the kobold but does no damage.
A ball python comes into view.
b - a +0 dagger The kobold closely misses you.
b - a +0 dagger (weapon)
The kobold attacks as you move away!
The kobold hits you with a +0 short sword.
A ball python comes into view.
You see here a scroll labelled NUNICH IPHOBB.
You hit the goblin. Your grab misses the goblin.
The goblin is heavily wounded.
The goblin closely misses you.
The kobold hits you with a +0 short sword.
You closely miss the goblin. Your grab misses the goblin.
The goblin is heavily wounded.
The goblin hits you with a +0 dagger.
* * * LOW HITPOINT WARNING * * *
A bat comes into view.
The kobold hits you with a +0 short sword.
You die...

..#.....# ..#S....#
........## ...b.....#
.........### #.#........##
#.....†..# .###
#....††##...#
#......g@...# .
#..###.K##......
#....#.>.###....
#......#........ ###
##........†.#...####P####
####..##†###..# ##~~~~~~~#
.w...>.#.# ....##~#######~
g...#...####..##~##~~~~~##
#............#~##~~####~#


You could see a goblin, a bat (wandering) and a kobold.

Vanquished Creatures
  A goblin (D:1)
  A hobgoblin (D:1)
  A quokka (D:1)
  2 rats (D:1)
5 creatures vanquished.

Notes
Turn   | Place    | Note
-------+----------+-------------------------------------------
     0 | D:1      | Crownlay the Octopode Earth Elementalist began the quest
                  | for the Orb.
     0 | D:1      | Reached XP level 1. HP: 11/11 MP: 3/3
    59 | D:1      | Found a faded altar of an unknown god.
   118 | D:1      | Slain by a kobold

Illustrated notes

Levels and vault maps discovered:
D:1:      nagdon_arrival_double_spiral, layout_rooms, basic_ecumenical_altar

Action                     || total
---------------------------++-------
  Melee: Unarmed           ||     4
         Dagger            ||     2
         Constrict         ||     2
         Tentacles         ||     2
   Cast: Sandblast         ||     4
  Dodge: Dodged            ||     3

Table legend: (Time is in decaauts)
 A = Elapsed time spent in this place.
 B = Non-inter-level travel time spent in this place.
 C = Inter-level travel time spent in this place.
 D = Time resting spent in this place.
 E = Time spent auto-exploring this place.
 F = Levels seen in this place.
 G = Mean time per level.
                   A        B        C        D        E       F      G
               +--------+--------+--------+--------+--------+-----+--------+
         Total |    119 |    119 |      0 |      0 |     91 |   1 |  119.0 |
       Dungeon |    119 |    119 |      0 |      0 |     91 |   1 |  119.0 |
               +--------+--------+--------+--------+--------+-----+--------+

Top non-repeatable levels by time:
     D:1: 119 daAuts
